 Dungeon Crawl Stone Soup version 0.30-a0-1074-g5db6f66fbb (webtiles) character file.

Game seed: 14269740182395680328

355 Pimp the Shooter (level 6, -2/32 HPs)
             Began as a Deep Elf Hunter on Apr 13, 2023.
             Killed by divine providence
             ... invoked by an orc priest
              (11 damage)
             ... on level 3 of the Dungeon.
             The game lasted 00:12:13 (2190 turns).

Pimp the Shooter (Deep Elf Hunter)                  Turns: 2190, Time: 00:12:14

Health: -2/32      AC:  4    Str:  8    XL:     6   Next: 36%
Magic:  11/11      EV: 14    Int: 14    God:
Gold:   98         SH:  0    Dex: 20    Spells: 6/9 levels left

rFire   . . .      SeeInvis .    o - +2 short sword (freeze)
rCold   . . .      Faith    .    (no shield)
rNeg    . . .      Spirit   .    c - +0 leather armour
rPois   .          Reflect  .    (no helmet)
rElec   .          Rampage  .    p - +0 cloak
rCorr   +                        (no gloves)
Will    .....                    (no boots)
Stlth   +++                      (no amulet)
HPRegen 0.25/turn                d - ring of resist corrosion
MPRegen 0.12/turn                q - ring of wizardry

@: no status effects
A: frail 1
a: no special abilities


You were on level 3 of the Dungeon.
You visited 2 branches of the dungeon, and saw 5 of its levels.

You collected 158 gold pieces.
You spent 60 gold pieces at shops.

Inventory:

Hand Weapons
 a - a +2 shortbow of chaos
 k - a +0 rapier
 n - a +1 dagger of draining
 o - a +2 short sword of freezing (weapon)
Armour
 c - a +0 leather armour (worn)
 p - a +0 cloak (worn)
Jewellery
 d - a ring of resist corrosion (left hand)
 m - a ring of protection from fire
 q - a ring of wizardry (right hand)
Scrolls
 b - a scroll of immolation
 e - 4 scrolls of magic mapping
 f - a scroll of amnesia
 l - a scroll of teleportation
Potions
 h - a potion of might {unknown}
 r - a potion of haste {unknown}


   Skills:
 + Level 2.6 Fighting
 + Level 0.8 Short Blades
 + Level 6.3 Ranged Weapons
 * Level 4.8 Dodging
 + Level 3.6 Stealth
 + Level 2.1 Spellcasting
 + Level 1.7 Ice Magic


You had 6 spell levels left.
You knew the following spells:

 Your Spells              Type           Power      Damage    Failure   Level
a - Ozocubu's Armour      Ice            6%         N/A       21%         3

Your spell library contained the following spells:

 Spells                   Type           Power      Damage    Failure   Level
 Summon Small Mammal      Summ           4%         N/A       14%         1
 Call Canine Familiar     Summ           1%         N/A       38%         3
 Summon Guardian Golem    Hex/Summ       1%         N/A       38%         3
 Metabolic Englaciation   Hex/Ice        1%         N/A       92%         5
 Simulacrum               Ice/Necr       1%         N/A       100%        6


Dungeon Overview and Level Annotations

Branches:
Dungeon (4/15)             Temple (1/1) D:4

Altars:
Ashenzari
Cheibriados
Dithmenos
Elyvilon
Gozag
Makhleb
Nemelex Xobeh
Okawaru
Qazlal
Ru
Sif Muna
Trog
Uskayaw
Wu Jian
Xom
Yredelemnul
Zin
The Shining One

Shops:
D:2 :**!


Innate Abilities, Weirdness & Mutations

You are frail. (-10% HP)


Message History

The arrow closely misses the orc priest.
The orc priest invokes the aid of Beogh against you.
You struggle to resist.
Fire: a) +2 shortbow (chaos)
Press: ? - help, Q - select action Shift-Dir - straight line, f/p - orc priest
Aim: an orc priest, wielding a +0 club (68% to hit)
You shoot an arrow.
The arrow closely misses the orc priest.
The orc priest barely misses you. The orc priest closely misses you.
Fire: a) +2 shortbow (chaos)
Press: ? - help, Q - select action Shift-Dir - straight line, f/p - orc priest
Aim: an orc priest, wielding a +0 club (68% to hit)
You shoot an arrow. The arrow hits the orc priest.
The orc priest is moderately wounded.
The orc priest hits you but does no damage.
As you read the scroll of fear, it crumbles to dust.
You assume a fearsome visage.
The orc priest looks frightened!
Fire: a) +2 shortbow (chaos)
Press: ? - help, Q - select action Shift-Dir - straight line, f/p - orc priest
Aim: an orc priest, wielding a +0 club (moderately wounded, fleeing, 68% to hit)
You shoot an arrow.
The arrow hits the orc priest but does no damage.
Your attack snaps the orc priest out of its fear.
The orc priest is moderately wounded.
Fire: a) +2 shortbow (chaos)
Press: ? - help, Q - select action Shift-Dir - straight line, f/p - orc priest
Aim: an orc priest, wielding a +0 club (moderately wounded, 68% to hit)
You shoot an arrow. The arrow barely misses the orc priest.
The orc priest misses you.
You sense an unholy aura.
n - a +1 dagger of draining (weapon)
The orc priest hits you with a +0 club.
* * * LOW HITPOINT WARNING * * *
Your +2 short sword of freezing glows with a cold blue light!
o - a +2 short sword of freezing (weapon)
You hit the orc priest. You freeze the orc priest.
The orc priest is heavily wounded.
The orc priest invokes the aid of Beogh against you.
Beogh smites you!
You die...

#......<......>.....
#.......#########<..
#.......# #....##
#.......######.####
####.)#........## #
#).....#.......# #
#......#.#####.####
#......#.# #.....
#.@o...#.# ######
#......#.#
########.# #.#
####### #.####......
##.#.(..# #....####
#..### ####


You could see an orc priest.

Vanquished Creatures
  An ice beast (D:4)
  A scorpion (D:4)
  A hound (D:4)
  A jelly (D:4)
  An iguana (D:4)
  5 adders
  A worm (D:4)
  A dart slug (D:4)
  10 orcs
  A ball python (D:3)
  5 endoplasms
  2 giant cockroaches
  6 goblins
  7 hobgoblins
  2 kobolds (D:4)
  2 quokkas
  7 bats
  2 frilled lizards (D:2)
  7 rats
63 creatures vanquished.

Vanquished Creatures (others)
  A plant (D:1)
1 creature vanquished.

Grand Total: 64 creatures vanquished

Notes
Turn   | Place    | Note
-------+----------+-------------------------------------------
     0 | D:1      | Pimp the Deep Elf Hunter began the quest for the Orb.
     0 | D:1      | Reached XP level 1. HP: 12/12 MP: 3/3
   297 | D:1      | Reached XP level 2. HP: 17/17 MP: 4/4
   694 | D:2      | Gained mutation: You are frail. (-10% HP) [potion of
                  | mutation]
   808 | D:2      | Reached XP level 3. HP: 18/18 MP: 5/5
   869 | D:2      | Found Dykikeaxy's Book Shoppe.
  1029 | D:2      | Found Tiliog's Distillery.
  1032 | D:2      | Bought a potion of heal wounds for 60 gold pieces
  1063 | D:2      | Found Ybow Ham's Assorted Antiques.
  1341 | D:2      | Found Xiufoump's Assorted Antiques.
  1588 | D:3      | Reached XP level 4. HP: 17/23 MP: 6/6
  1687 | D:3      | Learned a level 3 spell: Ozocubu's Armour
  1729 | D:3      | You fall into a shaft and drop 1 floor!
  1732 | D:4      | Found a stormy altar of Qazlal.
  1733 | D:4      | Found a staircase to the Ecumenical Temple.
  1734 | D:4      | Found a hide-covered altar of Uskayaw.
  1734 | D:4      | Noticed an ice beast
  1744 | Temple   | Entered the Ecumenical Temple
  1821 | D:4      | Killed an ice beast
  1822 | D:4      | Reached skill level 6 in Ranged Weapons
  1822 | D:4      | Reached skill level 1 in Spellcasting
  1822 | D:4      | Reached skill level 1 in Ice Magic
  1822 | D:4      | Reached XP level 5. HP: 27/27 MP: 6/9
  1919 | D:4      | Reached XP level 6. HP: 32/32 MP: 10/10
  2004 | D:4      | Found an opulent altar of Gozag.
  2190 | D:3      | Killed from afar by an orc priest

Illustrated notes

Levels and vault maps discovered:
D:1:      roderic_crop_circles_arrival_small, layout_loops_ring
D:2:      minmay_angry_zag, layout_basic, serial_shops, shop, shop,
          nicolae_shop_behind_doors, nicolae_diamond_shop, hex_intersection
D:3:      layout_rooms, serial_curves, eino_curves_04, eino_curves_04
D:4:      layout_cave_pools, kennysheep_vampire_church,
          mainiacjoe_overflow_catwalk_spiral, overflow_temple_1_default,
          minmay_temple_entry_mist, gammafunk_ghost_necromancy, serial_glass,
          glass_columns_a, glass_columns_a, dk_vineyard_3
Temple:   hellmonk_temple_of_storms

Skill      XL: |  1  2  3  4  5  6 |
---------------+-------------------+-----
Stealth        | 2 3 |  3.6
Dodging        | 3 4 |  4.8
Fighting       | 2 |  2.6
Ranged Weapons | 6 |  6.3
Spellcasting   | 1 2 |  2.1
Ice Magic      | 1 |  1.7
Short Blades   | |  0.8

Action                     |  1- 3 |  4- 6 || total
---------------------------+-------+-------++-------
  Melee: Rapier            |     4 |       ||     4
         Short sword       |       |    21 ||    21
         Dagger            |       |     1 ||     1
   Fire: Shortbow          |    72 |    70 ||   142
    Use: Scroll            |     5 |     4 ||     9
         Potion            |     2 |     5 ||     7
 Armour: Leather armour    |    12 |     7 ||    19
  Dodge: Dodged            |    27 |    32 ||    59

Table legend: (Time is in decaauts)
 A = Elapsed time spent in this place.
 B = Non-inter-level travel time spent in this place.
 C = Inter-level travel time spent in this place.
 D = Time resting spent in this place.
 E = Time spent auto-exploring this place.
 F = Levels seen in this place.
 G = Mean time per level.
                   A        B        C        D        E       F      G
               +--------+--------+--------+--------+--------+-----+--------+
         Total |   2236 |   2151 |     85 |    140 |   1517 |   5 |  447.2 |
       Dungeon |   2189 |   2110 |     79 |    140 |   1494 |   4 |  547.2 |
        Temple |     46 |     40 |      6 |      0 |     23 |   1 |   46.0 |
               +--------+--------+--------+--------+--------+-----+--------+

Top non-repeatable levels by time:
     D:2: 874 daAuts
     D:1: 658 daAuts
     D:3: 334 daAuts
     D:4: 321 daAuts
  Temple: 46 daAuts
